 Dungeon Crawl Stone Soup version 0.21.1-1-g345015fe64 (webtiles) character file.

218 Mrkan the Chopper (level 5, 0/45 HPs)
             Began as a Minotaur Monk on May 6, 2018.
             Succumbed to a scorpion's poison
             ... on level 4 of the Dungeon.
             The game lasted 00:05:30 (3012 turns).

Mrkan the Chopper (Minotaur Monk)                   Turns: 3012, Time: 00:05:31

Health: 0/45       AC:  2    Str: 17    XL:     5   Next: 63%
Magic:  4/4        EV: 13    Int:  7    God:
Gold:   189        SH:  0    Dex: 12    Spells: 4/4 levels left

rFire    . . .     SeeInvis .   a - +0 hand axe
rCold    . . .     Gourm    .   (no shield)
rNeg     . . .     Faith    .   b - +0 robe
rPois    .         Spirit   .   (helmet restricted)
rElec    .         Reflect  .   (no cloak)
rCorr    .         Harm     .   (no gloves)
MR       .....                  (no boots)
Stlth    ++........             (no amulet)
HPRegen  0.15/turn              (no ring)
MPRegen  0.09/turn              (no ring)

@: lethally poisoned (0 -> -38)
A: retaliatory headbutt, horns 2
a: no special abilities


You were on level 4 of the Dungeon.
You were not hungry.

You visited 1 branch of the dungeon, and saw 4 of its levels.

You collected 189 gold pieces.

Inventory:

Hand Weapons
 a - a +0 hand axe (weapon)
Armour
 b - a +0 robe (worn)
Jewellery
 f - a cursed ring of loudness {unknown}
 o - an uncursed ring of fire {unknown}
 q - an uncursed ring of stealth {unknown}
Scrolls
 e - 5 scrolls of identify {unknown}
 h - a scroll of magic mapping {unknown}
 j - a scroll of enchant armour {unknown}
 k - a scroll of random uselessness {unknown}
 l - 2 scrolls of fog {unknown}
 r - a scroll of remove curse {unknown}
Potions
 d - a potion of flight {unknown}
 g - 3 potions of mutation {unknown}
 i - 2 potions of magic {unknown}
 m - 2 potions of might {unknown}
 n - a potion of heal wounds {unknown}
 p - a potion of resistance {unknown}
 s - a potion of degeneration {unknown}
 t - 3 potions of haste {unknown}
 u - a potion of lignification {unknown}
Comestibles
 c - 11 rations


   Skills:
 - Level 3.6 Fighting
 * Level 6.7 Axes
 + Level 3.5 Armour
 - Level 3.2 Dodging
 - Level 1.5 Stealth


You had 4 spell levels left.
You didn't know any spells.

Dungeon Overview and Level Annotations

Branches:
Dungeon (4/15)
 Temple: D:4-7

Altars:
Dithmenos
Beogh


Innate Abilities, Weirdness & Mutations

You reflexively headbutt those who attack you in melee.
You have a pair of horns on your head.


Message History

You furiously retaliate!
You headbutt the scorpion, but do no damage.
You barely miss the scorpion.
The scorpion is moderately wounded.
You feel sick. The scorpion closely misses you.
You barely miss the scorpion.
The scorpion is moderately wounded.
* * * LOW HITPOINT WARNING * * *
You feel sick. The scorpion barely misses you.
You hit the scorpion but do no damage. You headbutt the scorpion.
The scorpion is moderately wounded.
* * * LOW HITPOINT WARNING * * *
You feel very sick.
Something unseen opens the door.
The scorpion stings you!
* * * LOW HITPOINT WARNING * * *
You are more poisoned.
The scorpion poisons you!
You barely miss the scorpion.
The scorpion is moderately wounded.
You die...

.... .........# #.
##..# ......#.## #.
...##.(#####.# ##
.......#....#####
#......#........#
#..#..#########.#
#......).. ..#.#
#.%#..##### #.#.#
#.@#....... #.#.#
#.s..<#.## #.#.#
#.#...#.# #.#.#
#.#...#.### #.#.#
#.#........ #.#.#
+#+#'#.#.#.#####.#.###
..........#............
.......#..#######.#.#.#
.......+........#.#.#.#


You could see a scorpion.

Vanquished Creatures
  A howler monkey (D:4)
  An orc priest (D:3)
  6 adders
  An ooze (D:2)
  2 worms (D:3)
  2 dart slugs
  3 leopard geckos
  4 orcs (D:3)
  6 giant cockroaches
  8 goblins
  8 hobgoblins
  5 jackals
  8 kobolds
  A quokka (D:2)
  6 bats
  3 frilled lizards (D:2)
  12 rats
77 creatures vanquished.

Notes
Turn   | Place    | Note
-------+----------+-------------------------------------------
     0 | D:1      | Mrkan the Minotaur Monk began the quest for the Orb.
     0 | D:1      | Reached XP level 1. HP: 19/19 MP: 0/0
   211 | D:1      | Reached skill level 4 in Axes
   237 | D:1      | Reached skill level 1 in Armour
   253 | D:1      | Reached XP level 2. HP: 26/26 MP: 1/1
   702 | D:2      | Reached XP level 3. HP: 30/31 MP: 2/2
   911 | D:2      | Reached skill level 5 in Axes
  1143 | D:2      | Reached XP level 4. HP: 37/39 MP: 3/3
  2405 | D:3      | Found a roughly hewn altar of Beogh.
  2413 | D:3      | Reached skill level 6 in Axes
  2413 | D:3      | Reached XP level 5. HP: 29/45 MP: 4/4
  2462 | D:3      | Found a shadowy altar of Dithmenos.
  3003 | D:4      | Noticed a phantom
  3012 | D:4      | Succumbed to a scorpion's poison

Skill      XL: |  1  2  3  4 |
---------------+-------------+-----
Axes           | 4 5 6 |  6.7
Armour         | 1 2 3 |  3.5
Fighting       | |  3.6
Dodging        | |  3.2
Stealth        | |  1.5

Action                   |  1- 3 |  4- 6 || total
-------------------------+-------+-------++-------
Melee: Hand axe          |    79 |    85 ||   164
       Headbutt          |     8 |    17 ||    25
 Stab: Sleeping          |     3 |     3 ||     6
  Eat: Chunk             |     1 |     2 ||     3
       Ration            |       |     1 ||     1
Armor: Robe              |    16 |     8 ||    24
Dodge: Dodged            |    58 |    69 ||   127
